 Dungeon Crawl Stone Soup version 0.27-a0-1325-g58a489ad9e (webtiles) character file.

Game seed: 17035509715170787495

552 Ijustatesigmund the Grave Robber (level 7, -3/40 HPs)
             Began as a Deep Elf Necromancer on June 24, 2021.
             Shot with an arrow by a centaur (14 damage)
             ... on level 5 of the Dungeon.
             The game lasted 00:17:34 (6669 turns).

Ijustatesigmund the Grave Robber (DENe)             Turns: 6669, Time: 00:17:34

Health: -3/40      AC:  2    Str: 11    XL:     7   Next: 8%
Magic:  14/16      EV: 13    Int: 21    God:
Gold:   16         SH:  0    Dex: 16    Spells: 10/15 levels left

rFire    . . .     SeeInvis .   b - +0 short sword
rCold    . . .     Faith    .   (no shield)
rNeg     . . .     Spirit   .   a - +0 robe
rPois    .         Reflect  .   (no helmet)
rElec    .         Harm     .   (no cloak)
rCorr    +         Rampage  .   (no gloves)
Will     .....                  (no boots)
Stlth    +++.......             (no amulet)
HPRegen  0.13/turn              f - ring of resist corrosion
MPRegen  0.15/turn              d - +6 ring of strength

@: no status effects
A: no striking features
a: no special abilities


You were on level 5 of the Dungeon.
You visited 1 branch of the dungeon, and saw 5 of its levels.

You collected 100 gold pieces.
You spent 84 gold pieces at shops.

Inventory:

Hand Weapons
 b - a +0 short sword (weapon)
 c - a +2 trident of flaming
Missiles
 e - 60 poisoned darts (quivered)
Armour
 a - a +0 robe (worn)
Jewellery
 d - a +6 ring of strength (right hand)
 f - a ring of resist corrosion (left hand)
Potions
 h - a potion of attraction {unknown}
 i - a potion of brilliance {unknown}
 k - 2 potions of curing


   Skills:
 - Level 2.2 Fighting
 - Level 2.0 Short Blades
 + Level 2.2 Throwing
 - Level 3.6 Dodging
 - Level 3.8 Stealth
 + Level 4.8 Spellcasting
 + Level 6.8 Necromancy


You had 10 spell levels left.
You knew the following spells:

 Your Spells              Type           Power      Damage    Failure   Level
a - Pain                  Necr           100%       1d9       1%          1
b - Animate Dead          Necr           16%        N/A       7%          4

Your spell library contained the following spells:

 Spells                   Type           Power      Damage    Failure   Level
 Animate Skeleton         Necr           66%        N/A       1%          1
 Vampiric Draining        Necr           16%        2d8       1%          3
 Agony                    Necr           33%        N/A       19%         5


Dungeon Overview and Level Annotations

Branches:
Dungeon (5/15)
 Temple: D:4-7

Altars:
Uskayaw

Shops:
D:5 !

Annotations:
D:4 Dowan, Duvessa, Grinder, Purgy


Message History

Aim: an adder (almost dead, poisoned, chance to affect: 89%)
The adder writhes in agony!
You kill the adder!
You start resting.
A centaur is nearby!
Throw: 2 darts (atropa)
Press: ? - help, Q - select action, (/) - cycle Shift-Dir - straight line, f - centaur
Aim: a centaur, wielding a +0 shortbow and quivering arrows (wandering, hasn't noticed you, 72% to hit, chance to blind on hit: 75%)
You throw an atropa-tipped dart.
The atropa-tipped dart hits the centaur.
The centaur resists.
The centaur shouts!
The centaur shoots an arrow.
The arrow misses you.
The centaur shoots an arrow.
The arrow completely misses you.
Throw: dart (atropa)
Press: ? - help, Q - select action, (/) - cycle Shift-Dir - straight line, f/p - centaur
Aim: a centaur, wielding a +0 shortbow and quivering arrows (72% to hit, chance to blind on hit: 75%)
You throw an atropa-tipped dart.
The atropa-tipped dart hits the centaur.
The centaur resists.
Casting: Pain (safe; 1% risk of failure)
Confirm with . or Enter, or press ? or * to list all spells.
Aiming: Pain (safe; 1% risk of failure)
Press: ? - help, Shift-Dir - straight line, f/p - centaur
Aim: a centaur, wielding a +0 shortbow and quivering arrows (chance to affect: 84%)
The centaur writhes in agony!
The centaur shoots an arrow.
The arrow hits you!
* * * LOW HITPOINT WARNING * * *
The centaur shoots an arrow.
The arrow misses you.
You feel better.
The centaur shoots an arrow.
The arrow barely misses you.
Casting: Pain (safe; 1% risk of failure)
Confirm with . or Enter, or press ? or * to list all spells.
Aiming: Pain (safe; 1% risk of failure)
Press: ? - help, Shift-Dir - straight line, f/p - centaur
Aim: a centaur, wielding a +0 shortbow and quivering arrows (moderately wounded, chance to affect: 84%)
The centaur barely resists.
The centaur shoots an arrow.
The arrow hits you!
* * * LOW HITPOINT WARNING * * *
The centaur shoots an arrow.
The arrow hits you.
* * * LOW HITPOINT WARNING * * *
You feel better.
The centaur shoots an arrow.
The arrow hits you!
You die...

######..###..#####.
#.(.(#.#...#.......
##..(.#.#..###......
#.......#.#.#.#.....
#........###[###...(
##.#((...#
#.#.#.#.(. #...c##..
..# #..#.## #....#
#.# #.#.#.## #...@#
.# #:###.... #....#
S# c#.)# #......
#.#.#... #.#.##### #
#. ##


You could see a centaur.

Vanquished Creatures
  Edmund (D:3)
  A sky beast (D:5)
  2 orc priests (D:3)
  Terence (D:2)
  7 gnolls (D:2)
  12 adders
  An adder skeleton (D:5)
  2 dart slugs (D:1)
  7 orcs (D:3)
  4 endoplasms (D:1)
  4 giant cockroaches
  6 goblins
  8 hobgoblins
  14 jackals
  3 quokkas
  5 ball pythons
  A bat (D:1)
  4 frilled lizards
  5 kobolds
  3 rats
91 creatures vanquished.

Notes
Turn   | Place    | Note
-------+----------+-------------------------------------------
     0 | D:1      | Ijustatesigmund the Deep Elf Necromancer began the quest
                  | for the Orb.
     0 | D:1      | Reached XP level 1. HP: 10/10 MP: 6/6
   469 | D:1      | Reached XP level 2. HP: 7/15 MP: 2/8
   801 | D:1      | Reached skill level 1 in Short Blades
  1072 | D:1      | Found a faded altar of an unknown god.
  1255 | D:1      | Reached XP level 3. HP: 15/19 MP: 5/9
  2339 | D:2      | Reached XP level 4. HP: 17/24 MP: 5/10
  2344 | D:2      | Learned a level 4 spell: Animate Dead
  2588 | D:2      | Noticed Terence
  2593 | D:2      | Killed Terence
  2594 | D:2      | Reached skill level 5 in Necromancy
  2760 | D:2      | Reached skill level 1 in Fighting
  3139 | D:2      | Reached XP level 5. HP: 13/29 MP: 4/11
  4630 | D:3      | Reached skill level 6 in Necromancy
  4674 | D:3      | Reached XP level 6. HP: 26/35 MP: 4/13
  5310 | D:4      | Noticed Grinder
  5546 | D:4      | Noticed a +0 dagger
  5547 | D:4      | Noticed a +0 hand axe
  5550 | D:4      | Noticed Duvessa
  5552 | D:4      | Found a hide-covered altar of Uskayaw.
  5552 | D:4      | Noticed Edmund
  5552 | D:4      | Noticed Dowan
  5579 | D:3      | Killed Edmund
  5580 | D:3      | Reached skill level 1 in Throwing
  6249 | D:4      | Noticed Purgy
  6296 | D:5      | Entered Level 5 of the Dungeon
  6296 | D:5      | Found Vefesuty's Distillery.
  6298 | D:5      | Noticed a sky beast
  6302 | D:5      | Bought 2 potions of curing for 84 gold pieces
  6309 | D:5      | Killed a sky beast
  6310 | D:5      | Reached XP level 7. HP: 6/40 MP: 10/16
  6668 | D:5      | HP: 2/40 [centaur/arrow (5)]
  6669 | D:5      | Shot with an arrow by a centaur

Illustrated notes

Levels and vault maps discovered:
D:1:      ncdulo_wetmaze, layout_loops_corners,
          hellmonk_ecumenical_altar_arch_garden
D:2:      layout_loops_cross, uniq_terence
D:3:      layout_basic
D:4:      kb_forest_paths, layout_rooms, dancing_weapons_uskayaw,
          minmay_manual_mullet, uniq_edmund, uniq_purgy,
          uniq_crazy_yiuf_cottage, uniq_grinder, uniq_duvessa
D:5:      layout_basic, amcnicky_altar_gilded, minmay_temple_entry_nine_rooms,
          serial_shops, shop, palyth_stone_intersect, minmay_manual_mail,
          uniq_sigmund, uniq_pikel

Skill      XL: |  1  2  3  4  5  6 |
---------------+-------------------+-----
Stealth        | 3 |  3.8
Short Blades   | 1 2 |  2.0
Dodging        | 3 |  3.6
Necromancy     | 5 6 |  6.8
Fighting       | 1 2 |  2.2
Throwing       | 2 |  2.2
Spellcasting   | 4 |  4.8

Action                   |  1- 3 |  4- 6 |  7- 9 || total
-------------------------+-------+-------+-------++-------
Melee: Short sword       |     4 |     7 |     5 ||    16
Throw: Dart              |     6 |    54 |     8 ||    68
 Cast: Pain              |    70 |   114 |     8 ||   192
       Animate Dead      |       |     1 |       ||     1
  Use: Scroll            |     3 |     6 |     1 ||    10
       Potion            |       |     1 |     2 ||     3
 Stab: Sleeping          |     1 |       |       ||     1
Armor: Robe              |     1 |     5 |     2 ||     8
Dodge: Dodged            |    12 |    32 |    12 ||    56

Table legend: (Time is in decaauts)
 A = Elapsed time spent in this place.
 B = Non-inter-level travel time spent in this place.
 C = Inter-level travel time spent in this place.
 D = Time resting spent in this place.
 E = Time spent auto-exploring this place.
 F = Levels seen in this place.
 G = Mean time per level.
                   A        B        C        D        E       F      G
               +--------+--------+--------+--------+--------+-----+--------+
         Total |   6701 |   6599 |    102 |   2937 |   2792 |   5 | 1340.2 |
       Dungeon |   6701 |   6599 |    102 |   2937 |   2792 |   5 | 1340.2 |
               +--------+--------+--------+--------+--------+-----+--------+

Top non-repeatable levels by time:
     D:3: 2217 daAuts
     D:2: 2010 daAuts
     D:1: 1833 daAuts
     D:5: 371 daAuts
     D:4: 267 daAuts
